 Dungeon Crawl Stone Soup version 0.26-a0-737-g4e9f4955e2 (webtiles) character file.

Game seed: 7748511312232141839

252 loadgator530 the Chopper (level 5, -2/72 HPs)
             Began as a Minotaur Berserker on Nov 4, 2020.
             Was a Priest of Trog.
             Slain by an ogre
             ... wielding a +0 giant club
              (17 damage)
             ... on level 4 of the Dungeon.
             The game lasted 00:05:14 (3437 turns).

loadgator530 the Chopper (Minotaur Berserker)       Turns: 3437, Time: 00:05:15

Health: -2/72      AC:  2    Str: 22    XL:     5   Next: 89%
Magic:  4/4        EV: 13    Int:  4    God:    Trog [***...]
Gold:   150        SH:  0    Dex: 10    Spells: 4/4 levels left

rFire    . . .     SeeInvis .   a - +0 hand axe
rCold    . . .     Faith    .   (no shield)
rNeg     . . .     Spirit   .   b - +0 animal skin
rPois    .         Reflect  .   (helmet restricted)
rElec    .         Harm     .   (no cloak)
rCorr    .         Rampage  .   (no gloves)
MR       .....                  (no boots)
Stlth    ..........             (no amulet)
HPRegen  0.22/turn              (no ring)
MPRegen  0.09/turn              (no ring)

@: berserking, very quick
A: retaliatory headbutt, horns 2
a: Berserk, Trog's Hand, Renounce Religion


You were on level 4 of the Dungeon.
You worshipped Trog.
Trog was most pleased with you.
You visited 1 branch of the dungeon, and saw 4 of its levels.

You collected 150 gold pieces.

Inventory:

Hand Weapons
 a - a +0 hand axe (weapon)
Armour
 b - a +0 animal skin (worn)
Jewellery
 o - an uncursed ring of see invisible
Scrolls
 c - 5 scrolls of remove curse {unknown}
 d - 2 scrolls of teleportation {unknown}
 e - 3 scrolls of identify {unknown}
 h - a scroll of magic mapping {unknown}
 i - a scroll of immolation {unknown}
 k - a scroll of blinking {unknown}
 l - a scroll of fog {unknown}
 n - a scroll of enchant weapon {unknown}
 p - a scroll of enchant armour {unknown}
Potions
 f - a potion of haste {unknown}
 g - 2 potions of flight {unknown}
 j - a potion of magic {unknown}
 m - 4 potions of curing {unknown}
 q - a potion of brilliance {unknown}


   Skills:
 + Level 5.0 Fighting
 + Level 6.1 Axes
 + Level 2.6 Armour
 + Level 3.3 Dodging
 + Level 1.3 Stealth


You had 4 spell levels left.
You didn't know any spells.
Your spell library was empty.

Dungeon Overview and Level Annotations

Branches:
Dungeon (4/15)
 Temple: D:4-7

Altars:
Fedhas
Nemelex Xobeh


Innate Abilities, Weirdness & Mutations

You reflexively headbutt those who attack you in melee.
You have a pair of horns on your head.


Message History

You slash the ogre! You headbutt the ogre.
The ogre is heavily wounded.
You barely miss the ogre.
The ogre is heavily wounded.
The ogre barely misses you.
You hit the ogre but do no damage.
The ogre is heavily wounded.
The ogre hits you with a +0 giant club!
You hit the ogre. Your headbutt misses the ogre.
The ogre is severely wounded.
The ogre hits you with a +0 giant club!
* * * LOW HITPOINT WARNING * * *
You are too injured to fight recklessly!
You are too injured to fight recklessly!
You are too injured to fight recklessly!
You are too injured to fight recklessly!
A red film seems to cover your vision as you go berserk!
You feel yourself moving faster!
You feel mighty! The ogre hits you with a +0 giant club!
You die...

######### ......O.#
.......@# ........#
...!....# ........#
........#######
..............##########
..............+.........
#####.........#......###
#.........#..###.#


You could see an ogre.

Vanquished Creatures
  An ogre (D:4)
  Natasha (thrice) (D:2)
  An adder (D:2)
  2 oozes
  3 worms
  5 leopard geckos
  3 orcs
  4 giant cockroaches
  10 hobgoblins
  4 jackals (D:2)
  7 kobolds
  A quokka (D:4)
  9 bats
  7 frilled lizards
  5 goblins (D:2)
  A quokka zombie (D:4)
  9 rats
75 creatures vanquished.

Vanquished Creatures (others)
  2 fungi (D:3)
  2 plants (D:3)
4 creatures vanquished.

Grand Total: 79 creatures vanquished

Notes
Turn   | Place    | Note
-------+----------+-------------------------------------------
     0 | D:1      | loadgator530 the Minotaur Berserker began the quest for the
                  | Orb.
     0 | D:1      | Reached XP level 1. HP: 19/19 MP: 0/0
   292 | D:1      | Reached XP level 2. HP: 27/27 MP: 1/1
   350 | D:1      | Reached skill level 4 in Axes
   941 | D:2      | Reached XP level 3. HP: 33/34 MP: 2/2
  1108 | D:2      | Reached ** piety under Trog
  1278 | D:2      | Noticed Natasha
  1279 | D:2      | Found a faded altar of an unknown god.
  1285 | D:2      | Killed Natasha
  1285 | D:2      | Reached XP level 4. HP: 25/41 MP: 3/3
  1375 | D:2      | Noticed Natasha
  1382 | D:2      | Killed Natasha
  1382 | D:2      | Reached skill level 5 in Axes
  1715 | D:2      | Noticed Natasha
  1730 | D:2      | Killed Natasha
  1730 | D:2      | Reached XP level 5. HP: 38/47 MP: 4/4
  2678 | D:3      | Reached *** piety under Trog
  2704 | D:3      | Found a sparkling altar of Nemelex Xobeh.
  3002 | D:3      | Found a blossoming altar of Fedhas.
  3259 | D:4      | Noticed an ogre
  3265 | D:4      | Killed an ogre
  3265 | D:4      | Reached skill level 5 in Fighting
  3265 | D:4      | Reached skill level 6 in Axes
  3265 | D:4      | Reached skill level 1 in Stealth
  3425 | D:4      | Noticed an ogre
  3437 | D:4      | Slain by an ogre

Illustrated notes

Levels and vault maps discovered:
D:1:      kennysheep_arrival_seaside, layout_basic
D:2:      layout_loops_ring, chequers_ecumenical_altar_simple, uniq_natasha
D:3:      layout_basic, fedhas_altar_3, nemelex_altar_shiori
D:4:      layout_basic, yredelemnul_forgotten_temple_becter, serial_curves,
          eino_curves_04, eino_curves_04, minmay_bisected, uniq_sigmund,
          uniq_duvessa

Skill      XL: |  1  2  3  4  5 |
---------------+----------------+-----
Fighting       | 4 5 |  5.0
Axes           | 4 5 6 |  6.1
Dodging        | 3 |  3.3
Stealth        | 1 |  1.3
Armour         | |  2.6

Action                   |  1- 3 |  4- 6 || total
-------------------------+-------+-------++-------
Melee: Hand axe          |    71 |    72 ||   143
       Headbutt          |     9 |    14 ||    23
Invok: Berserk           |     1 |     4 ||     5
 Stab: Sleeping          |     1 |     4 ||     5
       Distracted        |     1 |       ||     1
Armor: Animal skin       |    11 |     9 ||    20
Dodge: Dodged            |    46 |    27 ||    73

Table legend: (Time is in decaauts)
 A = Elapsed time spent in this place.
 B = Non-inter-level travel time spent in this place.
 C = Inter-level travel time spent in this place.
 D = Time resting spent in this place.
 E = Time spent auto-exploring this place.
 F = Levels seen in this place.
 G = Mean time per level.
                   A        B        C        D        E       F      G
               +--------+--------+--------+--------+--------+-----+--------+
         Total |   3481 |   3361 |    120 |    498 |   2475 |   4 |  870.2 |
       Dungeon |   3481 |   3361 |    120 |    498 |   2475 |   4 |  870.2 |
               +--------+--------+--------+--------+--------+-----+--------+

Top non-repeatable levels by time:
     D:2: 1267 daAuts
     D:3: 1175 daAuts
     D:1: 852 daAuts
     D:4: 187 daAuts
